Workbook
Name ____INF1: #REF!
Name ____INF1: #REF!
Name ____INF2: #REF!
Name ____INF2: #REF!
Name ___INF1: #REF!
Name ___INF1: #REF!
Name ___INF2: #REF!
Name ___INF2: #REF!
Name __INF1: #REF!
Name __INF1: #REF!
Name __INF2: #REF!
Name __INF2: #REF!
Name _bar1: #REF!
Name _bar1: #REF!
Name _boh1: #REF!
Name _boh1: #REF!
Name _foh1: #REF!
Name _foh1: #REF!
Name _INF1: #REF!
Name _INF1: #REF!
Name _INF2: #REF!
Name _INF2: #REF!
Name Accept: [0]!Accept
Name Access: '[1]KING INPUT SHEET'!$D$28
Name ADDRESS1: #REF!
Name ADDRESS1: #REF!
Name ADDRESS2: #REF!
Name ADDRESS2: #REF!
Name admin1: #REF!
Name admin1: #REF!
Name Area: [2]Indices!$D$2:$F$81
Name BASE_DATE: '[3]Master Data Sheet'!$D$41
Name Base_Date: '[4]PROJECT INPUTS'!$E$9
Name bathrooms1: #REF!
Name bathrooms1: #REF!
Name BCIS_Location: [5]Library!$H$15:$I$94
Name BCIS_TPI: [5]Library!$K$15:$L$44
Name bedroomcorridors1: #REF!
Name bedroomcorridors1: #REF!
Name bedrooms1: #REF!
Name bedrooms1: #REF!
Name Beds: [6]DATA!$F$13
Name BlockABath: '[7]Block A - Data'!$H$54
Name BlockAens: '[7]Block A - Data'!$H$55
Name BlockAGIA: '[7]Block A - Data'!$E$31
Name BlockANIA: '[7]Block A - Data'!$G$31
Name BlockAUnits: '[7]Block A - Data'!$H$49
Name BlockBbath: '[7]Block B - Data'!$H$56
Name BlockBens: '[7]Block B - Data'!$H$57
Name BlockBGIA: '[7]Block B - Data'!$E$31
Name BlockBNIA: '[7]Block B - Data'!$G$31
Name BlockBUnits: '[7]Block B - Data'!$H$51
Name BlockCBath: '[7]Block C - Data'!$H$55
Name BlockCEns: '[7]Block C - Data'!$H$56
Name BlockCGIA: '[7]Block C - Data'!$E$31
Name BlockCNIA: '[7]Block C - Data'!$G$31
Name BlockCUnits: '[7]Block C - Data'!$H$50
Name BlockDBath: '[7]Block D - Data'!$H$60
Name BlockDEns: '[7]Block D - Data'!$H$61
Name BlockDGIA: '[7]Block D - Data'!$E$35

Sheet Front

Sheet Status
B2: NRM1 Elemental Cost Plan Template
B4: 10th April 2024
B12: Document Status
B13: Revision | C13: Date | D13: Status | E13: Prepared by | F13: Checked by | G13: Authorised by
B14: Rev A | C14: =C15-14 -> 45322 | E14: James Lloyd
B15: Rev C | C15: =C16-28 -> 45336 | E15: James Lloyd
B16: Rev D | C16: =C17-14 -> 45364 | E16: James Lloyd
B17: Rev E | C17: =C18-7 -> 45378 | E17: James Lloyd
B18: Rev F | C18: =C19-7 -> 45385 | E18: James Lloyd
B19: Rev G | C19: 45392 | E19: James Lloyd
B22: DISCLAIMER
B24: This document and its contents have been prepared and are intended solely for Ace Capital Projects Ltd information and use in relation to 'National Steel Museum of Wales - Amgueddfa Dur Cymru'
B25: Blueprint Construction assumes no responsibility to any other party in respect of or arising out of or in connection with this document and/or its contents.
B27: COPYRIGHT
B29: The copyright of this document is vested in Blueprint Construction. This document may not be reproduced in whole or in part without their express written permission.

Sheet Information Used
B4: Information Used & Assumptions
B6: 1 | C6: Information Used
C8: Design Drawings;
C9: 2nr Drawings issued as part of 'Issue 01 - Concept and Masterplan'
C10: Concept design of the full Cultural Quarter proposal and visualisations of the Museum
C11: 8nr Drawings issued as part of 'Issue 02 - Schedule of Accommodation, Context and Plans'
C12: Initial Concept Sketches, Levels -1 through to Level 3 and Schedule of Accommodation
C13: 10nr Drawings issued as part of 'Issue 03 - Plans, Sections and Elevations'
C14: Revised Levels -1 through to Level 3, Elevations and 2nr Sections
C15: 10nr Drawings issued as part of 'Issue 04 - Technical Details'
C16: Structural Drawings, External End Product Visualisation and Updated detailed sections for Roof, Windows, Wall Cladding and Wall Compositions
B18: 2 | C18: General Assumptions;
C20: Extent of External Works is assumed in lieu of updated drawings and specifications. This includes the Corteen Steel Structure and the Boardwalk along the River Afon (Provisionally priced for the time being).
C21: Costs are based upon the information as provided.
C22: We have assumed a project bank account will not be required for this scheme.
C23: We have assumed that the area of works will be decanted for the project. No allowance is made for throughways or dealing with building occupants.
C24: The exact nature of specification for internal doors, screens, folding partitions and finishes is assumed.
C25: All costs are provisional awaiting design development.
C26: All base costs are based on Q42022
B28: 3 | C28: General Notes and Exclusions;
C30: All included costs are subject to variation following design development.
C31: Land Costs
C32: A risk allowance of 10% is included for this estimate.
C33: VAT is excluded from the estimate.
C34: Works will be undertaken in a single phase.
C35: Local Authority Fees
C36: Building Regulation Fees
C37: Party Wall Awards
C38: Acquisition and Associated Legals

Sheet Summary Original
B2: Project details: National Steel Museum of Wales - Amgueddfa Dur Cymru
B4: Building Works Estimate
B6: Based on GIA of: 2,345m2 | H6: 2345
C8: Group Element | D8: Element Type | E8: Total | F8: £/m2
C10: Group element 0 | D10: FACILITATING WORKS | E10: ='NRM1 CP template '!J10 -> 344850 | F10: =E10/H6 -> 147.05757
C11: Group element 1 | D11: ='NRM1 CP template '!B20 -> SUBSTRUCTURE | E11: ='NRM1 CP template '!J20 -> 407548.9 | F11: =E11/H6 -> 173.79484
C12: Group element 2 | D12: ='NRM1 CP template '!B44 -> SUPERSTRUCTURE | E12: ='NRM1 CP template '!J44 -> 3813509.9 | F12: =E12/H6 -> 1626.2302
C13: Group element 3 | D13: ='NRM1 CP template '!B130 -> INTERNAL FINISHES | E13: ='NRM1 CP template '!J130 -> 426782.35 | F13: =E13/H6 -> 181.99674
C14: Group element 4 | D14: ='NRM1 CP template '!B156 -> FITTINGS AND FURNISHINGS | E14: ='NRM1 CP template '!J156 -> 77002.75 | F14: =E14/H6 -> 32.836994
C15: Group element 5 | D15: ='NRM1 CP template '!B168 -> SERVICES | E15: ='NRM1 CP template '!J168 -> 2030888.2 | F15: =E15/H6 -> 866.05043
C16: Group element 8 | D16: EXTERNAL WORKS | E16: ='NRM1 CP template '!J252 -> 1059294.3 | F16: =E16/H6 -> 451.72464
C17: Group element 9 | D17: ='NRM1 CP template '!B286 -> MAIN CONTRACTOR'S PRELIMINARIES | E17: ='NRM1 CP template '!J286 -> 2221000 | F17: =E17/H6 -> 947.12154
B19: Works cost estimate (sub total A) | E19: =SUM(E9:E18) -> 10380876 | F19: =E19/189 -> 54925.272
B21: Prov Sums (sub total B)
C23: Café & Restaurant Fittings, Furniture & Equipment Fit-Out | E23: 82000
C24: Museum Fittings, Furniture & Equipment Fit-Out | E24: 275000
E26: =SUM(E23:E24) -> 357000
B28: Base cost estimate A + B (sub total C) | E28: =E19+E26 -> 10737876 | F28: =F19 -> 54925.272
C30: Design Contingency | D30: Risk allowance @ 1.25% | E30: =E28*1.25% -> 134223.46 | F30: =E30/H6 -> 57.238147
C31: Construction Risk | D31: Risk allowance @ 2.5% | E31: =E28*2.5% -> 268446.91 | F31: =E31/H6 -> 114.47629
C32: Employers Change Risk | D32: Risk allowance @ 2.5% | E32: =E28*2.5% -> 268446.91 | F32: =E32/H6 -> 114.47629
C33: Other Mis. Risk | D33: Risk allowance @ 2.5% | E33: =E28*2.5% -> 268446.91 | F33: =E33/H6 -> 114.47629
B35: Total Risk allowances (sub total D) | E35: =SUM(E30:E34) -> 939564.19 | F35: =E35/H6 -> 400.66703
B37: Total Construction Cost (C + D) | E37: =E28+E35 -> 11677441 | F37: =E37/H6 -> 4979.7188

Sheet NRM1 CP template 
A2: Cost Plan for National Steel Museum of Wales - Amgueddfa Dur Cymru
A3: NRM 1 phaseologies
A4: Elemental Cost Plan
A7: Ref. | B7: Element | C7: Timesing | D7: Quantity | F7: Unit | H7: Rate | I7: Sub-Total | J7: Group-Total | K7: Notes
H8: £ | I8: £ | J8: £
A10: 0 | B10: Facilitating Works | J10: =SUM(I10:I19) -> 344850
A12: 0.01 | B12: Facilitating Works
A14: 0.01.2 | B14: Demolition Works of Existing Builidng | E14: 3 | F14: nr | H14: 55440 | I14: =E14*H14 -> 166320 | K14: As per Feasibility Study Estimate
A16: 0.01.2 | B16: Site Faciliting Work to Enable Works | E16: 1 | F16: nr | H16: 118690 | I16: =E16*H16 -> 118690 | K16: As per Feasibility Study Estimate
A18: 0.01.3 | B18: New Road Layout and Associated Infrastructure | E18: 1 | F18: nr | H18: 59840 | I18: =E18*H18 -> 59840 | K18: As per Feasibility Study Estimate
A20: 1 | B20: SUBSTRUCTURE | J20: =SUM(I20:I43) -> 407548.9
A22: 1.01 | B22: Foundations
A24: 1.01.1 | B24: Trench fill; machine excavation; disposal; plain in situ concrete 20.00N/mm² (1:2:4) trench fill, 300mm high cavity masonry in cement mortar (1:3); pitch polymer dampproof membrane; with 3 courses of 140mm block outer skin up to FFL | E24: 125 | F24: m | H24: 264 | I24: =E24*H24 -> 33000 | K24: Architects and Builders Spons Pg. 150
A26: 1.01.2 | B26: Enabling works; excavate to form piling mat; supply and lay imported hardcore - recycled brick and similar to form piling mat | E26: 465 | F26: m³ | H26: 15.4 | I26: =E26*H26 -> 7161 | K26: Architects and Builders Spons Pg. 151
A28: 1.01.2 | B28: Enabling works; Provision of plant (1 nr rig); including bringing to and removing from site; maintenance, erection and dismantling at each pile position | E28: 1 | F28: item | H28: 26400 | I28: =E28*H28 -> 26400 | K28: Architects and Builders Spons Pg. 151
A30: 1.01.2 | B30: Supply and install concrete Continuous Flight Auger (CFA) piles; cart away inactive spoil; 900 mm dia. Reinforced concrete CFA piles | E30: 600 | F30: m | H30: 264 | I30: =E30*H30 -> 158400 | K30: Architects and Builders Spons Pg. 151
A32: 1.01.2 | B32: Pile testing; using tension piles as reaction; typical loading test 1000kN to 2000kN | E32: 1 | F32: nr | H32: 10890 | I32: =E32*H32 -> 10890 | K32: Architects and Builders Spons Pg. 152
A34: 1.01.2 | B34: Pile testing; integrity testing; minimum 20 per visit | E34: 120 | F34: nr | H34: 21.67 | I34: =E34*H34 -> 2600.4 | K34: Architects and Builders Spons Pg. 152
A36: 1.01.2 | B36: Excavate pit in firm ground by machine; partial backfill; partial disposal; support; compaction; cut off pile and prepare reinforcement, formwork; reinforced in situ concrete cap 25N/mm²; reinforcement at 50kg/m²; up to 300mm x 300mm x 1000mm pile | E36: 120 | F36: nr | H36: 407 | I36: =E36*H36 -> 48840 | K36: Architects and Builders Spons Pg. 152
A38: 1.01.2 | B38: Concrete lift pits; Excavate and disposal; reinforced concrete floor and walls; bitumen tanking as necessary; 1.80 m × 2.50 m × 1.60 m deep pit −13 person lift / 1000 kg | E38: 2 | F38: nr | H38: 4730 | I38: =E38*H38 -> 9460 | K38: Architects and Builders Spons Pg. 152
A40: 1.01.3 | B40: Ground Floor Construction; Mechanical excavation to reduce levels, disposal, level and compact, hardcore bed blinded with sand, 1200 gauge polythene damp-proof membrane, in situ concrete 20.00 N/mm² – 20 mm aggregate (1:2:4); 250 mm thick concrete slab with 1 layer of A393 fabric reinforcement | E40: 465 | F40: m2 | H40: 154 | I40: =E40*H40 -> 71610 | K40: Architects and Builders Spons Pg. 153
A42: 1.01.5 | B42: Reinforced concrete basement walls; 200 mm thick waterproof reinforced concrete | E42: 75 | F42: m2 | H42: 522.5 | I42: =E42*H42 -> 39187.5 | K42: Architects and Builders Spons Pg. 154
A44: 2 | B44: SUPERSTRUCTURE | J44: =SUM(I44:I129) -> 3813509.9
A46: 2.01 | B46: Frame
A48: 2.01.1 | B48: Museum steel frame; composite beam and slab floors; Suspended slab; permanent steel shuttering with 130 mm thick concrete; no coverings or finishes | E48: 2345 | F48: m2 | H48: 220 | I48: =E48*H48 -> 515900 | K48: Architects and Builders Spons Pg. 154
A50: 2.01.1 | B50: 2nr Fire Escape Stairwell Towers (3-stories) steel frame; composite beam and slab floors; Suspended slab; permanent steel shuttering with 130 mm thick concrete; no coverings or finishes | E50: 800 | F50: m2 | H50: 220 | I50: =E50*H50 -> 176000 | K50: Architects and Builders Spons Pg. 154
A52: 2.01.1 | B52: Fire protection to steelwork; Sprayed mineral fibre; gross surface area; 90 minute protection | E52: 2345 | F52: m2 | H52: 42.9 | I52: =E52*H52 -> 100600.5 | K52: Architects and Builders Spons Pg. 154
A54: 2.01.1 | B54: Extra over allowance for phased works to install Bessemer Convertor during steel construction | E54: 1 | F54: item | H54: 176000 | I54: 145000 | K54: Architects and Builders Spons Pg. 154
A56: 2.02 | B56: Upper Floors
A58: 2.02.1 | B58: Composite steel and concrete upper floors (Note 40mm Ecoscreed thermal on top of concrete deck); A142 mesh reinforcement; TAT Slimdek SD225 steel decking 1.25mm thick; 130mm reinforced concrete | E58: 1870 | F58: m2 | H58: 132 | I58: =E58*H58 -> 246840 | K58: Architects and Builders Spons Pg. 157
A60: 2.03 | B60: Roof
A62: 2.03.1 | B62: Metal Decking; galvanised steel roof decking; insulation; three layer felt roofing and chippings; 70mm tick steel decking (U-Value 0.25W/m²K) | E62: 629 | F62: m2 | H62: 77 | I62: =E62*H62 -> 48433 | K62: Architects and Builders Spons Pg. 157
A64: 2.03.2 | B64: Roof coverings; welsh slates; flat | E64: 412 | F64: m2 | H64: 379.5 | I64: =E64*H64 -> 156354 | K64: Architects and Builders Spons Pg. 158
A66: 2.03.4 | B66: Roof drainage items; bespoke pressed galvanised gutter; screws to be fixed into concrete wall panel with stainless steel concrete screws | E66: 1 | F66: item | H66: 12650 | I66: =E66*H66 -> 12650
A68: 2.03.5 | B68: Rooflights; individual polycarbonate rooflights; rectangular; electric opening | E68: 210 | F68: m2 | H68: 1485 | I68: =E68*H68 -> 311850 | K68: Architects and Builders Spons Pg. 161
A70: 2.03.6 | B70: Flat roof feature; roof walkways 600mm x 600mm x 50mm precast concrete slabs on support system; pedestrian access | E70: 176 | F70: m2 | H70: 75.9 | I70: =E70*H70 -> 13358.4 | K70: Architects and Builders Spons Pg. 161
A72: 2.04 | B72: Stairs & Ramps
A74: 2.04.1 | B74: Heavy duty cast iron staircase; perforated treads; no risers; balustrades and hand rails; decorated | E74: 6 | F74: nr | H74: 7260 | I74: =E74*H74 -> 43560 | K74: Architects and Builders Spons Pg. 162
A76: 2.04.1 | B76: Feature metal staircases; galvanised finish perforated treads; no risers; decorated; 3m rise; dogleg | E76: 5 | F76: nr | H76: 14300 | I76: =E76*H76 -> 71500 | K76: Architects and Builders Spons Pg. 162
A78: 2.04.2 | B78: Finishes to treads and riser; including nosings etc.; vinyl or rubber | E78: 220 | F78: m | H78: 82.5 | I78: =E78*H78 -> 18150 | K78: Architects and Builders Spons Pg. 163
A80: 2.04.3 | B80: Balustrading and handrails; balustrade and handrail with metal infill panels | E80: 92 | F80: m | H80: 522.5 | I80: =E80*H80 -> 48070 | K80: Architects and Builders Spons Pg. 163
A82: 2.04.3 | B82: Balustrading and handrails; stainless steel and structural glass balustrade | E82: 160 | F82: m | H82: 1182.5 | I82: =E82*H82 -> 189200 | K82: Architects and Builders Spons Pg. 163
A84: 2.05 | B84: External Walls
A86: 2.05.1 | B86: Museum; Polished shuttered concrete wall panels poured with EFC concrete; constructed on 250mm rockwool RWA45 insulation fixed between SFS framing system; finished face to be polished creating a high sheen finish | E86: 630 | F86: m2 | H86: 302.5 | I86: =E86*H86 -> 190575
A88: 2.05.1 | B88: 1nr Fire Escape Stairwell Towers (3-stories); Polished shuttered concrete wall panels poured with EFC concrete; constructed on 250mm rockwool RWA45 insulation fixed between SFS framing system; finished face to be polished creating a high sheen finish | E88: 204 | F88: m2 | H88: 302.5 | I88: =E88*H88 -> 61710
A90: 2.05.1 | B90: Museum; Reclaimed locally sourced Welsh brick laid in a flemish bond with natural colour lime mortar joints (HMT0002.1) min. 10mm; constructed on 235mm rockwool RWA45 insulation; ancileries included | E90: 902.4 | F90: m2 | H90: 363 | I90: =E90*H90 -> 327571.2
A92: 2.05.1 | B92: 1nr Fire Escape Stairwell Towers (3-stories); Reclaimed locally sourced Welsh brick laid in a flemish bond with natural colour lime mortar joints (HMT0002.1) min. 10mm; constructed on 235mm rockwool RWA45 insulation; ancileries included | E92: 192 | F92: m2 | H92: 363 | I92: =E92*H92 -> 69696
A94: 2.05.1 | B94: Pre-lacquered corteen sheet panels, rear mounted and fixed to the main strucural frame of the building using bespoke hanging fixings; 450mm Rockwool RW3 acoustic insulation board (0.034 W/mk) installed in cabity created by SFS frame; thermafleece breather membrane | E94: 266.4 | F94: m2 | H94: 544.5 | I94: =E94*H94 -> 145054.8
A96: 2.05.1 | B96: Bessemer Convertor Atrium; utinised curtain walling bespoke project specific system with triple glazed argon filled units; aluminium strucural framing and spandrel rails. Standard colour powder coated | E96: 180 | F96: m2 | H96: 1512.5 | I96: =E96*H96 -> 272250 | K96: Architects and Builders Spons Pg. 165
A98: 2.06 | B98: Windows and external doors
A100: 2.06.1 | B100: Composite aluminium purpose made windows; double glazed with argon; stainless steel ironmongery; U-value = 1.2 W/M²k; fixed windows up to 1.50m² | E100: 150 | F100: m2 | H100: 396 | I100: =E100*H100 -> 59400 | K100: Architects and Builders Spons Pg. 169
A102: 2.06.1 | B102: Extra over for bespoke press formed corteen cill and head sections to all external windows | E102: 1 | F102: item | H102: 93500 | I102: =E102*H102 -> 93500
A104: 2.06.2 | B104: Single external steel security door; including frame; ironmongery; powder coated finish | E104: 5 | F104: nr | H104: 2805 | I104: =E104*H104 -> 14025 | K104: Architects and Builders Spons Pg. 169
A106: 2.06.2 | B106: Double external steel security door; including frame; ironmongery; powder coated finish | E106: 1 | F106: nr | H106: 4180 | I106: =E106*H106 -> 4180 | K106: Architects and Builders Spons Pg. 169
A108: 2.06.2 | B108: Automatic glazed sliding doors in aluminium; polyester poweder coated; linear sliding; inner pivoted pocket screens; glazed with safety units in accordance with BS. ASSA ABLOY SL510 P RC2 Anti-Burglar Sliding Door System complete with 100mm operator providing automated operation of the sliding door leaves | E108: 2 | F108: nr | H108: 13200 | I108: =E108*H108 -> 26400 | K108: Architects and Builders Spons Pg. 171
A110: 2.07 | B110: Internal walls
A112: 2.07.1 | B112: 130mm thick partition; 70mm steel studs at 600mm centres generally; 2 layers 15mm Soundbloc board each side; joints filled with joint filler and joint tape; emulsion paint finish; softwood skirtings with gloss finish | E112: 624 | F112: m2 | H112: 99 | I112: =E112*H112 -> 61776
A114: 2.07.1 | B114: Pre-lacquered corteen sheet panels, rear mounted and fixed to the main strucural frame of the building using bespoke hanging fixings; 450mm Rockwool RW3 acoustic insulation board (0.034 W/mk) installed in cabity created by SFS frame; thermafleece breather membrane | E114: 222 | F114: m2 | H114: 544.5 | I114: =E114*H114 -> 120879
A116: 2.07.4 | B116: Framed panel cubicles; standard quality WC cubicle partition sets; aluminium framing; melamine face chipboard dividing panels and doors; ironmongery; small range; standard cubicle set | E116: 8 | F116: nr | H116: 638 | I116: =E116*H116 -> 5104 | K116: Architects and Builders Spons Pg. 173
A118: 2.07.4 | B118: Framed panel cubicles; IPS duct panel systems; melamine finish chipboard; softwood timber subframe 2.70m high IPS back panelling system; to accommodate wash hand basins and urinals ; access hatch; frame support | E118: 10 | F118: nr | H118: 198 | I118: =E118*H118 -> 1980 | K118: Architects and Builders Spons Pg. 174
A120: 2.04.3 | B120: Balustrading and handrails; stainless steel and structural glass balustrade | E120: 210 | F120: m | H120: 1182.5 | I120: =E120*H120 -> 248325 | K120: Architects and Builders Spons Pg. 163
A122: 2.08 | B122: Internal doors & screens
A124: 2.08.1 | B124: Standard doors; softwood lining; softwood architrave; aluminium ironmongery (latch only); painting or polish; single leaf with glass panel | E124: 14 | F124: nr | H124: 649 | I124: =E124*H124 -> 9086 | K124: Architects and Builders Spons Pg. 174
A126: 2.08.1 | B126: Standard doors; softwood lining; softwood architrave; aluminium ironmongery (latch only); painting or polish; double leaf with glass panel | E126: 1 | F126: nr | H126: 1265 | I126: =E126*H126 -> 1265 | K126: Architects and Builders Spons Pg. 174
A128: 2.08.1 | B128: Fire doors; standard fire doors; cellular core; softwood lining; softwood architrave; aluminium ironmongery (lockable, self-closing); painting or polish; single leaf; oak veneered; 60 min fire resistance | E128: 3 | F128: nr | H128: 1089 | I128: =E128*H128 -> 3267 | K128: Architects and Builders Spons Pg. 174
A130: 3 | B130: INTERNAL FINISHES | J130: =SUM(I130:I155) -> 426782.35
A132: 3.01 | B132: Wall finishes
A134: 3.01.1 | B134: In situ wall finishes; one mist and two coats emulsion paint to internal steel stud partitioned areas only | E134: 584 | F134: m2 | H134: 4.73 | I134: =E134*H134 -> 2762.32 | K134: Architects and Builders Spons Pg. 175
A136: 3.01.1 | B136: Ceramic wall tiles; including backing to WC's | E136: 40 | F136: m2 | H136: 77 | I136: =E136*H136 -> 3080 | K136: Architects and Builders Spons Pg. 175
A138: 3.02 | B138: Floor finishes
A140: 3.02.1 | B140: In Situ screed and floor finishes; laid level; over 300mm wide; cement and sand (1:3) screeds; steel trowelled; 75mm thick | E140: 465 | F140: m2 | H140: 30.8 | I140: =E140*H140 -> 14322 | K140: Architects and Builders Spons Pg. 176
A142: 3.02.1 | B142: Latex; self colour; 3mm to 5mm thick | E142: 465 | F142: m2 | H142: 15.18 | I142: =E142*H142 -> 7058.7 | K142: Architects and Builders Spons Pg. 176
A144: 3.02.1 | B144: Locally sourced reclaimed Welsh slate foor tiles; laid in standard brick bond formation; min. 10mm spacer | E144: 2345 | F144: GIFA | H144: 123.2 | I144: =E144*H144 -> 288904
A146: 3.02.1 | B146: Locally sourced reclaimed Welsh slate foor tiles; laid in standard brick bond formation; min. 10mm spacer to stair treads | E146: 60 | F146: m2 | H146: 165 | I146: =E146*H146 -> 9900 | K146: Architects and Builders Spons Pg. 177
A148: 3.02.1 | B148: Entrance matting and matwell; 18mm thick Gradus Topguard barrier matting with stainless steel frame | E148: 20 | F148: m2 | H148: 478.5 | I148: =E148*H148 -> 9570 | K148: Architects and Builders Spons Pg. 177
A150: 3.03 | B150: Ceiling finishes
A152: 3.03.1 | B152: Plasterboard to ceilings; 15mm thick Gyproc Fireline board | E152: 2345 | F152: m2 | H152: 33 | I152: =E152*H152 -> 77385
A154: 3.03.2 | B154: Emulsion paint to plaster; one mist and two coats. | E154: 2345 | F154: m2 | H154: 5.885 | I154: =E154*H154 -> 13800.325
A156: 4 | B156: FITTINGS AND FURNISHINGS | J156: =SUM(I156:I167) -> 77002.75
A158: 4.01 | B158: General fittings, furnishings and equipment
A160: 4.01.1 | B160: Café Fittings, Furniture & Equipment Fit-Out | E160: 1 | F160: Nr | H160: Prov Sum | I160: Prov Sum
A162: 4.01.1 | B162: Museum Fittings, Furniture & Equipment Fit-Out | E162: 1 | F162: Nr | H162: Prov Sum | I162: Prov Sum
A164: 4.01.1 | B164: Interactive playarea to basement | E164: 1 | F164: Nr | H164: 2502.75 | I164: =E164*H164 -> 2502.75
A166: 4.01.1 | B166: Bessmer Convertor | E166: 1 | F166: Nr | H166: 74500 | I166: =E166*H166 -> 74500
A168: 5 | B168: SERVICES | J168: =SUM(I168:I251) -> 2030888.2
A170: 5.01 | B170: Sanitary Installations
A172: 5.01.1 | B172: Toilet cores and changing facilities | E172: 2345 | F172: GIFA | H172: 18.7 | I172: =E172*H172 -> 43851.5 | K172: Mechanical & Electrical Spons Pg. 169
A174: 5.03 | B174: Disposal Installations
A176: 5.03.1 | B176: Rainwater installations | E176: 2345 | F176: GIFA | H176: 6.6 | I176: =E176*H176 -> 15477 | K176: Mechanical & Electrical Spons Pg. 169
A178: 5.03.2 | B178: Soil and waste | E178: 2345 | F178: GIFA | H178: 19.8 | I178: =E178*H178 -> 46431 | K178: Mechanical & Electrical Spons Pg. 169
A180: 5.04 | B180: Water Installations
A182: 5.04.1 | B182: Potable hot and cold water services | E182: 2345 | F182: GIFA | H182: 40.7 | I182: =E182*H182 -> 95441.5 | K182: Mechanical & Electrical Spons Pg. 169
A184: 5.04.1 | B184: Non potable hot and cold water services | E184: 2345 | F184: GIFA | H184: 17.6 | I184: =E184*H184 -> 41272 | K184: Mechanical & Electrical Spons Pg. 169
A186: 5.04.1 | B186: Extra over for Siphonic drainage system; with water to be reclaimed in basement plant room | E186: 1 | F186: item | H186: 59400 | I186: =E186*H186 -> 59400
A188: 5.05 | B188: Heat Source
A190: 5.05.1 | B190: Gas fired boiler installation | E190: 2345 | F190: GIFA | H190: 17.6 | I190: =E190*H190 -> 41272 | K190: Mechanical & Electrical Spons Pg. 169
A192: 5.06 | B192: Space Heating and Air Conditioning
A194: 5.06.1 | B194: LTHW heating system | E194: 2345 | F194: GIFA | H194: 48.4 | I194: =E194*H194 -> 113498 | K194: Mechanical & Electrical Spons Pg. 169
A196: 5.06.1 | B196: DX cooling system to ICT server and plant rooms | E196: 2345 | F196: GIFA | H196: 13.2 | I196: =E196*H196 -> 30954 | K196: Mechanical & Electrical Spons Pg. 169
A198: 5.06.1 | B198: Mechanical supply and extract ventilation including DX type cooling to Restaurant and Kitchen | E198: 2345 | F198: GIFA | H198: 84.7 | I198: =E198*H198 -> 198621.5 | K198: Mechanical & Electrical Spons Pg. 169
...
